AoeStats
← HR Pinkman

Arabia

508748045Analyzed
1v1 RM · 8d ago on Sep 23, 2026· 40m 25s· 2 players
Game mode
Random Map
Map size
Tiny (2 player)
Population
200
Speed
Normal
Resources
Standard
Victory
Conquest
Starting age
Dark Age
Ending age
Imperial Age
RankedLock teamsTeams togetherTeam positionsShared explorationLock speedFull tech treeHidden civsTurbo modeCheats
Victory
Defeat
🇦🇷 Khmer · Argentina
2340
+10
🇨🇱 Tatars · Chile
2193
-10
HR Pinkman
6:29 Loom
8:53 Feudal Age
9:21 Double-Bit Axe
10:09 Horse Collar
19:26 Castle Age
17:47 Gold Mining
19:11 Bloodlines
18:52 Fletching
20:20 Bodkin Arrow
20:27 Husbandry
25:46 Bow Saw
26:48 Wheelbarrow
33:12 Imperial Age
31:25 Hand Cart
31:43 Scale Barding Armor
31:49 Forging
32:47 Chain Barding Armor
34:53 Plate Barding Armor
34:56 Iron Casting
35:55 Masonry
36:46 Chemistry
37:24 Bracer
37:25 Padded Archer Armor
38:12 Ballistics
38:53 Blast Furnace
38:15 Conscription
DS_VarVa
6:05 Loom
6:46 Loom
9:15 Feudal Age
9:44 Double-Bit Axe
10:08 Horse Collar
18:44 Castle Age
18:54 Light Cavalry
19:51 Bow Saw
23:19 Wheelbarrow
25:42 Town Watch
30:38 Imperial Age
29:45 Scale Mail Armor
29:55 Forging
29:29 Pikeman
31:22 Chain Mail Armor
30:48 Halberdier
33:00 Chemistry
32:43 Conscription
32:48 Double Crossbow
35:04 Ballistics
35:24 Masonry
36:46 Heavy Scorpion
37:40 Heavy Plow
38:02 Siege Engineers
39:03 Ballistics
38:40 Fletching
38:51 Padded Archer Armor
38:57 Scale Barding Armor
39:28 Iron Casting
Connection lost

Rejoining the realm…

Still unreachable

The connection could not be restored.

Session expired

The server has moved on; the page needs a fresh start.